Bruins vs Islanders

Created - 12 décembre 2017 at 06:02

Goals
1 2 3 T
Bruins 0 0 2 2
Islanders 0 1 0 1
Shots
1 2 3 T
Bruins 8 14 13 35
Islanders 12 13 7 32

1st period

No Goal

Penalties :
Patrice Bergeron (BOS) for Holding (Minor) at 0:22

2nd period

1. Islanders , Nicklas Backstrom 5 (Vladimir Tarasenko 9) at 10:15

Penalties :
Karl Alzner (NYI) for Roughing (Minor) at 19:14

3rd period

2. Bruins , Jason Pominville 6 (Patrice Bergeron 14, Ryan McDonagh 11) at 2:19
3. Bruins , Zemgus Girgensons 3 (Xavier Ouellet 6, Tom Kuhnhackl 5) at 8:40

Penalties :
Radek Faksa (NYI) for Tripping (Minor) at 5:20

Goalie Stats

Cam Talbot (BOS), 31 saves from 32 shots - (0,969), W, 19-6-2, 60:00 minutes
Keith Kinkaid (NYI), 33 saves from 35 shots - (0,943), L, 0-1-0, 59:02 minutes

Players Stats for Bruins

Player Name              G  A  P  +/- PIM S  H  SB GA TA FO     MP     PP MP  PK MP  
------------------------------------------------------------------------------------
Alex Killorn             0  0  0   0  0   1  2  0  0  0  0/0    15:43   0:00   0:00 
Alexander Burmistrov     0  0  0   1  0   0  2  0  0  0  0/0     9:56   0:00   0:45 
Anthony Mantha           0  0  0  -1  0   1  2  0  0  0  0/1    15:04   1:34   0:00 
Derick Brassard          0  0  0   1  0   2  0  2  1  0  0/1    17:12   2:24   0:13 
Jakob Chychrun           0  0  0   1  0   1  2  0  0  1  0/0    19:38   1:56   0:00 
Jason Demers             0  0  0   0  0   4  3  1  0  1  0/0    22:09   1:56   0:00 
Jason Pominville         1  0  1   1  0   2  1  1  0  0  0/0    16:59   2:24   0:00 
Joel Edmundson           0  0  0   0  0   1  3  0  0  0  0/0    16:05   0:00   0:42 
Kyle Okposo              0  0  0   0  0   3  0  0  1  1  1/1    17:17   1:34   0:00 
Marc Staal               0  0  0   0  0   0  1  1  0  2  0/0    18:08   0:00   1:17 
Matt Stajan              0  0  0  -1  0   2  2  0  3  0  6/9    14:31   0:00   1:01 
Nikolay Kulemin          0  0  0  -1  0   0  0  0  2  0  0/1    15:19   0:00   0:45 
Patrice Bergeron         0  1  1   1  2   7  1  1  1  1  12/19  18:02   2:24   0:00 
Ryan McDonagh            0  1  1   0  0   1  1  2  0  1  0/0    24:25   2:02   1:17 
Sean Monahan             0  0  0   0  0   5  0  0  2  0  7/17   17:30   1:34   0:13 
Tom Kuhnhackl            0  1  1   1  0   2  0  0  0  0  0/0    11:16   0:00   1:01 
Xavier Ouellet           0  1  1   1  0   1  1  1  0  0  0/0    19:35   2:02   0:42 
Zemgus Girgensons        1  0  1   1  0   2  0  0  0  0  1/1     9:11   0:00   0:00 

Players Stats for Islanders

Player Name              G  A  P  +/- PIM S  H  SB GA TA FO     MP     PP MP  PK MP  
------------------------------------------------------------------------------------
Brandon Saad             0  0  0  -1  0   1  1  0  1  1  0/0    16:03   1:00   0:20 
Chris Mueller            0  0  0  -1  0   0  0  0  0  0  0/0    12:18   0:00   0:00 
Evan Rodrigues           0  0  0   0  0   1  0  0  0  0  0/0     8:03   0:00   0:00 
Jake Gardiner            0  0  0  -1  0   6  3  2  1  1  0/0    28:01   1:17   1:42 
James Neal               0  0  0  -1  0   0  3  0  1  0  0/1    16:22   1:00   0:44 
Jesper Fast              0  0  0  -1  0   0  0  0  0  1  0/0    12:43   0:00   0:20 
Jordie Benn              0  0  0  -1  0   0  2  1  1  1  0/0    21:28   0:42   1:10 
Karl Alzner              0  0  0   0  2   2  1  3  0  4  0/0    25:35   1:17   1:06 
Kerby Rychel             0  0  0   1  0   1  6  0  0  0  1/2    20:42   0:59   0:44 
Logan Shaw               0  0  0   0  0   0  0  0  0  0  1/1     8:03   0:00   0:00 
Matt Dumba               0  0  0  -1  0   0  1  1  1  1  0/0    21:28   0:42   1:10 
Nicklas Backstrom        1  0  1   1  0   6  0  1  1  0  16/33  22:52   0:59   2:54 
Radek Faksa              0  0  0  -1  2   3  2  0  0  0  4/5    12:18   0:00   0:00 
Ryan Murray              0  0  0   1  0   0  1  1  0  1  0/0     9:25   0:00   0:00 
Timo Meier               0  0  0   0  0   0  2  0  0  0  0/0     8:03   0:00   0:00 
Tyler Bozak              0  0  0  -1  0   6  2  2  1  0  1/6    15:38   1:00   0:00 
Vladimir Tarasenko       0  1  1   1  0   5  2  0  0  0  0/2    22:52   0:59   2:54 
Will Butcher             0  0  0   0  0   1  0  1  0  0  0/0    14:06   0:00   2:48 

3 Stars

1 - Cam Talbot (BOS)
2 - Jason Pominville (BOS)
3 - Keith Kinkaid (NYI)

Power Play

Bruins - 0 on 2 Attempt(s) - 0,00%
Islanders - 0 on 1 Attempt(s) - 0,00%

Penalty Kill

Bruins - 1 on 1 Attempt(s) - 100,00% - Score 0 goal in Penalty Kill
Islanders - 2 on 2 Attempt(s) - 100,00% - Score 0 goal in Penalty Kill

Team Stat

Bruins - Hits : 21 - Faceoff Wins : 27 - Blocked Shots : 9 - Penalty Minutes : 2
Islanders - Hits : 26 - Faceoff Wins : 23 - Blocked Shots : 12 - Penalty Minutes : 4

Official

Referees : Dave Lewis and Dean Morton
Linesman : Mark Wheler and Darren Gibbs

Game Notes

No Game Note

Finance

Level 1 -- Attendance: 4993 (83,22%) -- Ticket Income 499 300 $
Level 2 -- Attendance: 4388 (87,76%) -- Ticket Income 263 280 $
Level 3 -- Attendance: 1927 (96,35%) -- Ticket Income 67 445 $
Level 4 -- Attendance: 4000 (100,00%) -- Ticket Income 80 000 $
Luxury Box -- Attendance: 663 (66,30%) -- Ticket Income 132 600 $
Game was played at the Long Island Arena.
Total Attendance: 15971 (88,73%)
Total Ticket Income: 1 042 625 $
Other Income: 510 886 $
Total Income: 1 553 511 $

Bruins

5 vs 5 Forward 
   Center                   Left Wing                Right Wing               Time % Phy DF OF 
 1 Sean Monahan             Alex Killorn             Kyle Okposo              32     0   2  3  
 2 Patrice Bergeron         Derick Brassard          Jason Pominville         30     0   3  2  
 3 Matt Stajan              Nikolay Kulemin          Anthony Mantha           28     0   3  2  
 4 Zemgus Girgensons        Alexander Burmistrov     Tom Kuhnhackl            10     0   4  1  

5 vs 5 Defense 
   Defense                  Defense                                           Time % Phy DF OF 
 1 Ryan McDonagh            Jason Demers                                      40     0   3  2  
 2 Joel Edmundson           Marc Staal                                        30     0   5  0  
 3 Xavier Ouellet           Jakob Chychrun                                    30     0   4  1  
 4 Ryan McDonagh            Marc Staal                                        0      1   2  2  

PowerPlay Forward 
   Center                   Left Wing                Right Wing               Time % Phy DF OF 
 1 Sean Monahan             Anthony Mantha           Kyle Okposo              50     0   0  5  
 2 Patrice Bergeron         Derick Brassard          Jason Pominville         50     0   0  5  

PowerPlay Defense
   Defense                  Defense                                           Time % Phy DF OF 
 1 Ryan McDonagh            Xavier Ouellet                                    55     0   2  3  
 2 Jason Demers             Jakob Chychrun                                    45     0   2  3  

Penalty Kill 4 Players Forward 
   Center                   Wing                     Time % Phy DF OF 
 1 Matt Stajan              Tom Kuhnhackl            60     1   2  2  
 2 Alexander Burmistrov     Nikolay Kulemin          40     1   2  2  

Penalty Kill 4 Players Defense
   Defense                  Defense                  Time % Phy DF OF 
 1 Ryan McDonagh            Marc Staal               60     0   5  0  
 2 Joel Edmundson           Xavier Ouellet           40     0   5  0  

Penalty Kill - 3 Players Forward 
   Forward                                           Time % Phy DF OF 
 1 Tom Kuhnhackl                                     60     0   5  0  
 2 Marc Staal                                        40     0   5  0  

Penalty Kill - 3 Players Defense
   Defense                  Defense                  Time % Phy DF OF 
 1 Ryan McDonagh            Marc Staal               60     0   5  0  
 2 Joel Edmundson           Xavier Ouellet           40     0   5  0  

4 vs 4 Forward 
   Center                   Wing                     Time % Phy DF OF 
 1 Sean Monahan             Kyle Okposo              60     1   2  2  
 2 Derick Brassard          Jason Pominville         40     1   2  2  

4 vs 4 Defense
   Defense                  Defense                  Time % Phy DF OF 
 1 Joel Edmundson           Marc Staal               60     1   2  2  
 2 Ryan McDonagh            Jason Demers             40     1   2  2  

Last Minutes Offensive
   Center                   Left Wing                Right Wing               Defense                  Defense                  
   Sean Monahan             Derick Brassard          Kyle Okposo              Ryan McDonagh            Marc Staal               

Last Minutes Defensive
   Center                   Left Wing                Right Wing               Defense                  Defense                  
   Patrice Bergeron         Nikolay Kulemin          Tom Kuhnhackl            Ryan McDonagh            Marc Staal               

Goaltenders
Starting : Cam Talbot               
Backup : Juuse Saros              

Extra Forwards
Normal : Zemgus Girgensons, Anthony Mantha, Nikolay Kulemin - PP : Alex Killorn, Nikolay Kulemin - PK : Nikolay Kulemin
Extra Defensemen
Normal : Xavier Ouellet, Jakob Chychrun, Joel Edmundson - PP : Joel Edmundson - PK : Jakob Chychrun, Jason Demers
Penalty Shots
Jason Pominville, Kyle Okposo, Sean Monahan, Anthony Mantha, Patrice Bergeron
Custom OT Lines Forwards
Sean Monahan, Kyle Okposo, Patrice Bergeron, Jason Pominville, Derick Brassard, Alex Killorn, Anthony Mantha, Matt Stajan, Tom Kuhnhackl, Zemgus Girgensons
Custom OT Lines Defensemen
Jason Demers, Ryan McDonagh, Marc Staal, Xavier Ouellet, Joel Edmundson

Scratches
Nolan Patrick (Healthy), Brian Campbell (Healthy), David Desharnais (Healthy)

Islanders

5 vs 5 Forward 
   Center                   Left Wing                Right Wing               Time % Phy DF OF 
 1 Nicklas Backstrom        Kerby Rychel             Vladimir Tarasenko       40     1   2  2  
 2 Tyler Bozak              James Neal               Brandon Saad             30     1   2  2  
 3 Radek Faksa              Jesper Fast              Chris Mueller            20     1   2  2  
 4 Evan Rodrigues           Timo Meier               Logan Shaw               10     1   2  2  

5 vs 5 Defense 
   Defense                  Defense                                           Time % Phy DF OF 
 1 Jake Gardiner            Karl Alzner                                       40     1   2  2  
 2 Matt Dumba               Jordie Benn                                       30     1   2  2  
 3 Will Butcher             Jake Gardiner                                     20     1   2  2  
 4 Ryan Murray              Karl Alzner                                       10     1   2  2  

PowerPlay Forward 
   Center                   Left Wing                Right Wing               Time % Phy DF OF 
 1 Nicklas Backstrom        Kerby Rychel             Vladimir Tarasenko       60     1   2  2  
 2 Tyler Bozak              James Neal               Brandon Saad             40     1   2  2  

PowerPlay Defense
   Defense                  Defense                                           Time % Phy DF OF 
 1 Jake Gardiner            Karl Alzner                                       60     1   2  2  
 2 Matt Dumba               Jordie Benn                                       40     1   2  2  

Penalty Kill 4 Players Forward 
   Center                   Wing                     Time % Phy DF OF 
 1 Nicklas Backstrom        Vladimir Tarasenko       60     1   2  2  
 2 Kerby Rychel             James Neal               40     1   2  2  

Penalty Kill 4 Players Defense
   Defense                  Defense                  Time % Phy DF OF 
 1 Will Butcher             Karl Alzner              60     1   2  2  
 2 Matt Dumba               Jordie Benn              40     1   2  2  

Penalty Kill - 3 Players Forward 
   Forward                                           Time % Phy DF OF 
 1 Nicklas Backstrom                                 60     1   2  2  
 2 Vladimir Tarasenko                                40     1   2  2  

Penalty Kill - 3 Players Defense
   Defense                  Defense                  Time % Phy DF OF 
 1 Ryan Murray              Karl Alzner              60     1   2  2  
 2 Matt Dumba               Jordie Benn              40     1   2  2  

4 vs 4 Forward 
   Center                   Wing                     Time % Phy DF OF 
 1 Nicklas Backstrom        Vladimir Tarasenko       60     1   2  2  
 2 Brandon Saad             James Neal               40     1   2  2  

4 vs 4 Defense
   Defense                  Defense                  Time % Phy DF OF 
 1 Jake Gardiner            Karl Alzner              60     1   2  2  
 2 Matt Dumba               Jordie Benn              40     1   2  2  

Last Minutes Offensive
   Center                   Left Wing                Right Wing               Defense                  Defense                  
   Nicklas Backstrom        Kerby Rychel             Vladimir Tarasenko       Matt Dumba               Karl Alzner              

Last Minutes Defensive
   Center                   Left Wing                Right Wing               Defense                  Defense                  
   Nicklas Backstrom        Kerby Rychel             Vladimir Tarasenko       Matt Dumba               Karl Alzner              

Goaltenders
Starting : Keith Kinkaid            
Backup : Corey Crawford           

Extra Forwards
Normal : Kerby Rychel, Radek Faksa, Jesper Fast - PP : Kerby Rychel, Radek Faksa - PK : Jesper Fast
Extra Defensemen
Normal : Will Butcher, Jake Gardiner, Ryan Murray - PP : Will Butcher - PK : Jake Gardiner, Ryan Murray
Penalty Shots
Nicklas Backstrom, Vladimir Tarasenko, Radek Faksa, James Neal, Brandon Saad
Custom OT Lines Forwards
Nicklas Backstrom, Vladimir Tarasenko, Kerby Rychel, James Neal, Brandon Saad, Tyler Bozak, Radek Faksa, Jesper Fast, Chris Mueller, Timo Meier
Custom OT Lines Defensemen
Jake Gardiner, Karl Alzner, Matt Dumba, Jordie Benn, Will Butcher

Scratches
Alex Goligoski (Healthy), Mikhail Grigorenko (Healthy), Colin Greening (Broken Left Thumb Injury), Kyle Palmieri (Healthy), Al Montoya (Healthy)

% Time on Ice - Bruins

Lines # - Real PCT - Wanted PCT - Time Play
Normal Forward
1 - 30% - 32% - 15:43
2 - 28% - 30% - 14:35
3 - 25% - 28% - 13:30
4 - 17% - 10% - 9:11
Normal Defense
1 - 38% - 40% - 20:07
2 - 30% - 30% - 15:38
3 - 32% - 30% - 16:51
4 - 1% - 0% - 0:23
PP Forward
1 - 39% - 50% - 1:34
2 - 61% - 50% - 2:24
PP Defense
1 - 51% - 55% - 2:02
2 - 49% - 45% - 1:56
PK Forward
1 - 62% - 60% - 1:14
2 - 38% - 40% - 0:45
PK Defense
1 - 65% - 60% - 1:17
2 - 35% - 40% - 0:42
PK3 Forward
1 - 0% - 60%
2 - 0% - 40%
PK3 Defense
1 - 0% - 60%
2 - 0% - 40%
44 Forward
1 - 0% - 60%
2 - 0% - 40%
44 Defense
1 - 0% - 60%
2 - 0% - 40%
Last Minute Offensive  - 0:00
Last Minute Defensive  - 1:04
Total
Forward - 60:00
Defense - 60:00

% Time on Ice - Islanders

Lines # - Real PCT - Wanted PCT - Time Play
Normal Forward
1 - 34% - 40% - 18:03
2 - 28% - 30% - 14:38
3 - 23% - 20% - 12:18
4 - 15% - 10% - 8:03
Normal Defense
1 - 30% - 40% - 15:49
2 - 35% - 30% - 18:35
3 - 20% - 20% - 10:41
4 - 15% - 10% - 7:57
PP Forward
1 - 50% - 60% - 0:59
2 - 50% - 40% - 1:00
PP Defense
1 - 65% - 60% - 1:17
2 - 35% - 40% - 0:42
PK Forward
1 - 82% - 60% - 3:14
2 - 18% - 40% - 0:44
PK Defense
1 - 71% - 60% - 2:48
2 - 29% - 40% - 1:10
PK3 Forward
1 - 0% - 60%
2 - 0% - 40%
PK3 Defense
1 - 0% - 60%
2 - 0% - 40%
44 Forward
1 - 0% - 60%
2 - 0% - 40%
44 Defense
1 - 0% - 60%
2 - 0% - 40%
Last Minute Offensive  - 1:01
Last Minute Defensive  - 0:00
Total
Forward - 60:00
Defense - 60:00

Play by Play

1st period


0:01 of 1st period - Nicklas Backstrom wins face-off versus Sean Monahan in neutral zone.
0:06 of 1st period - Snap shot by Vladimir Tarasenko.
0:06 of 1st period - Stopped by Cam Talbot with a rebound.
0:19 of 1st period - Icing by Vladimir Tarasenko.
0:20 of 1st period - Patrice Bergeron wins face-off versus Nicklas Backstrom in Islanders zone.
0:22 of 1st period - Minor Penalty to Patrice Bergeron for Holding.
0:23 of 1st period - Matt Stajan wins face-off versus Nicklas Backstrom in Bruins zone.
2:22 of 1st period - Penalty to Patrice Bergeron is over, Patrice Bergeron is back on ice.
2:59 of 1st period - Slapshot by Sean Monahan.
2:59 of 1st period - Shot Misses the Net.
3:09 of 1st period - Xavier Ouellet is hit by Jordie Benn and loses puck.
3:33 of 1st period - Radek Faksa is hit by Jason Pominville.
4:14 of 1st period - Jesper Fast is hit by Alexander Burmistrov and loses puck.
4:45 of 1st period - Will Butcher is hit by Jason Demers and loses puck.
5:25 of 1st period - Patrice Bergeron is hit by Brandon Saad and loses puck.
5:56 of 1st period - Snap shot by Vladimir Tarasenko.
5:56 of 1st period - Shot Misses the Net.
5:58 of 1st period - Snap shot by Kerby Rychel.
5:58 of 1st period - Shot Misses the Net.
6:00 of 1st period - Wrist shot by Nicklas Backstrom.
6:00 of 1st period - Stopped by Cam Talbot with a rebound.
6:12 of 1st period - Jordie Benn is hit by Matt Stajan and loses puck.
6:28 of 1st period - Off-side.
6:29 of 1st period - Patrice Bergeron wins face-off versus Tyler Bozak in neutral zone.
6:32 of 1st period - Slapshot by Patrice Bergeron.
6:32 of 1st period - Shot Blocked by Tyler Bozak.
7:24 of 1st period - Jordie Benn is hit by Anthony Mantha and loses puck.
7:47 of 1st period - Alexander Burmistrov is hit by James Neal and loses puck.
8:20 of 1st period - Patrice Bergeron is hit by Jake Gardiner.
9:01 of 1st period - Icing by Radek Faksa.
9:02 of 1st period - Nicklas Backstrom wins face-off versus Sean Monahan in Islanders zone.
9:13 of 1st period - Wrist shot by Kyle Okposo.
9:13 of 1st period - Shot Misses the Net.
9:23 of 1st period - Vladimir Tarasenko is hit by Alex Killorn and loses puck.
9:32 of 1st period - Wrist shot by Vladimir Tarasenko.
9:32 of 1st period - Stopped by Cam Talbot with a rebound.
9:34 of 1st period - Slapshot by Will Butcher.
9:34 of 1st period - Deflect By Sean Monahan.
9:34 of 1st period - Stopped by Cam Talbot with a rebound.
9:44 of 1st period - Jakob Chychrun is hit by Kerby Rychel and loses puck.
9:55 of 1st period - Snap shot by Vladimir Tarasenko.
9:55 of 1st period - Deflect By Jakob Chychrun.
9:55 of 1st period - Shot Misses the Net.
9:55 of 1st period - Puck is out of play.
9:56 of 1st period - Matt Stajan wins face-off versus Tyler Bozak in Bruins zone.
10:47 of 1st period - Off-side.
10:48 of 1st period - Zemgus Girgensons wins face-off versus Tyler Bozak in neutral zone.
11:16 of 1st period - Icing by Nikolay Kulemin.
11:17 of 1st period - Matt Stajan wins face-off versus Nicklas Backstrom in Bruins zone.
11:45 of 1st period - Wrist shot by Anthony Mantha.
11:45 of 1st period - Stopped by Keith Kinkaid with a rebound.
11:47 of 1st period - Slapshot by Ryan McDonagh.
11:47 of 1st period - Shot Blocked by Karl Alzner.
11:51 of 1st period - Snap shot by Anthony Mantha.
11:51 of 1st period - Shot Blocked by Nicklas Backstrom.
11:53 of 1st period - Slapshot by Jason Demers.
11:53 of 1st period - Stopped by Keith Kinkaid without a rebound.
11:54 of 1st period - Patrice Bergeron wins face-off versus Tyler Bozak in Islanders zone.
12:03 of 1st period - Snap shot by Jason Pominville.
12:03 of 1st period - Shot Blocked by Matt Dumba.
12:05 of 1st period - Snap shot by Jason Pominville.
12:05 of 1st period - Shot Misses the Net.
12:07 of 1st period - Wrist shot by Jason Pominville.
12:07 of 1st period - Shot Hit the Post.
12:09 of 1st period - Wrist shot by Ryan McDonagh.
12:09 of 1st period - Deflect By Derick Brassard.
12:09 of 1st period - Stopped by Keith Kinkaid with a rebound.
12:19 of 1st period - Jason Demers is hit by Radek Faksa and loses puck.
12:48 of 1st period - Alexander Burmistrov is hit by Timo Meier and loses puck.
13:30 of 1st period - Slapshot by Patrice Bergeron.
13:30 of 1st period - Stopped by Keith Kinkaid with a rebound.
13:46 of 1st period - Jordie Benn is hit by Alexander Burmistrov and loses puck.
15:12 of 1st period - Icing by Jake Gardiner.
15:13 of 1st period - Radek Faksa wins face-off versus Sean Monahan in Islanders zone.
15:13 of 1st period - Radek Faksa is hit by Alex Killorn.
15:21 of 1st period - Slapshot by Jake Gardiner.
15:21 of 1st period - Stopped by Cam Talbot with a rebound.
15:40 of 1st period - Slapshot by Sean Monahan.
15:40 of 1st period - Shot Misses the Net.
15:42 of 1st period - Wrist shot by Kyle Okposo.
15:42 of 1st period - Shot Misses the Net.
15:44 of 1st period - Slapshot by Jason Demers.
15:44 of 1st period - Shot Misses the Net.
15:46 of 1st period - Wrist shot by Jason Demers.
15:46 of 1st period - Stopped by Keith Kinkaid without a rebound.
15:47 of 1st period - Patrice Bergeron wins face-off versus Nicklas Backstrom in Islanders zone.
16:12 of 1st period - Xavier Ouellet is hit by Tyler Bozak and loses puck.
16:55 of 1st period - Snap shot by Brandon Saad.
16:55 of 1st period - Deflect By Tyler Bozak.
16:55 of 1st period - Stopped by Cam Talbot with a rebound.
16:57 of 1st period - Snap shot by Tyler Bozak.
16:57 of 1st period - Stopped by Cam Talbot with a rebound.
16:59 of 1st period - Snap shot by James Neal.
16:59 of 1st period - Shot Blocked by Jason Demers.
17:15 of 1st period - Snap shot by Tyler Bozak.
17:15 of 1st period - Stopped by Cam Talbot without a rebound.
17:16 of 1st period - Patrice Bergeron wins face-off versus Nicklas Backstrom in Bruins zone.
17:48 of 1st period - Snap shot by Matt Stajan.
17:48 of 1st period - Stopped by Keith Kinkaid with a rebound.
18:26 of 1st period - Off-side.
18:27 of 1st period - Patrice Bergeron wins face-off versus Vladimir Tarasenko in neutral zone.
18:34 of 1st period - Wrist shot by Jason Pominville.
18:34 of 1st period - Shot Misses the Net.
18:36 of 1st period - Wrist shot by Patrice Bergeron.
18:36 of 1st period - Stopped by Keith Kinkaid with a rebound.
18:38 of 1st period - Snap shot by Jason Pominville.
18:38 of 1st period - Stopped by Keith Kinkaid without a rebound.
18:39 of 1st period - Patrice Bergeron wins face-off versus Nicklas Backstrom in Islanders zone.
18:40 of 1st period - Slapshot by Derick Brassard.
18:40 of 1st period - Shot Misses the Net.
18:49 of 1st period - Slapshot by Karl Alzner.
18:49 of 1st period - Shot Blocked by Jason Pominville.
18:51 of 1st period - Snap shot by Kerby Rychel.
18:51 of 1st period - Stopped by Cam Talbot without a rebound.
18:52 of 1st period - Nicklas Backstrom wins face-off versus Patrice Bergeron in Bruins zone.
18:59 of 1st period - Wrist shot by Vladimir Tarasenko.
18:59 of 1st period - Stopped by Cam Talbot with a rebound.
19:44 of 1st period - Snap shot by Jake Gardiner.
19:44 of 1st period - Shot Hit the Post.
19:46 of 1st period - Slapshot by Karl Alzner.
19:46 of 1st period - Deflect By Ryan McDonagh.
19:46 of 1st period - Stopped by Cam Talbot without a rebound.
19:47 of 1st period - Patrice Bergeron wins face-off versus Nicklas Backstrom in Bruins zone.
19:52 of 1st period - Backhand shot by Patrice Bergeron.
19:52 of 1st period - Shot Misses the Net.
19:58 of 1st period - Snap shot by Nicklas Backstrom.
19:58 of 1st period - Stopped by Cam Talbot without a rebound.
19:59 of 1st period - Sean Monahan wins face-off versus Nicklas Backstrom in Bruins zone.
Goals for this period are 0 for Bruins vs 0 for Islanders.
Shots for this period are 8 for Bruins vs 12 for Islanders.

2nd period


0:01 of 2nd period - Sean Monahan wins face-off versus Nicklas Backstrom in neutral zone.
0:37 of 2nd period - Anthony Mantha is hit by James Neal and loses puck.
1:01 of 2nd period - Icing by Jakob Chychrun.
1:02 of 2nd period - Nicklas Backstrom wins face-off versus Patrice Bergeron in Bruins zone.
2:07 of 2nd period - Snap shot by Tyler Bozak.
2:07 of 2nd period - Stopped by Cam Talbot without a rebound.
2:08 of 2nd period - Nicklas Backstrom wins face-off versus Matt Stajan in Bruins zone.
2:09 of 2nd period - Wrist shot by Vladimir Tarasenko.
2:09 of 2nd period - Stopped by Cam Talbot with a rebound.
2:17 of 2nd period - Slapshot by Matt Stajan.
2:17 of 2nd period - Shot Blocked by Jake Gardiner.
2:19 of 2nd period - Slapshot by Marc Staal.
2:19 of 2nd period - Shot Blocked by Jake Gardiner.
2:21 of 2nd period - Slapshot by Joel Edmundson.
2:21 of 2nd period - Stopped by Keith Kinkaid with a rebound.
2:33 of 2nd period - Vladimir Tarasenko is hit by Joel Edmundson and loses puck.
2:38 of 2nd period - Slapshot by Patrice Bergeron.
2:38 of 2nd period - Stopped by Keith Kinkaid without a rebound.
2:39 of 2nd period - Patrice Bergeron wins face-off versus Radek Faksa in Islanders zone.
2:44 of 2nd period - Snap shot by Derick Brassard.
2:44 of 2nd period - Stopped by Keith Kinkaid with a rebound.
3:21 of 2nd period - Slapshot by Jake Gardiner.
3:21 of 2nd period - Stopped by Cam Talbot with a rebound.
3:23 of 2nd period - Slapshot by Jake Gardiner.
3:23 of 2nd period - Shot Blocked by Derick Brassard.
3:35 of 2nd period - Snap shot by Radek Faksa.
3:35 of 2nd period - Shot Hit the Post.
3:37 of 2nd period - Slapshot by Jake Gardiner.
3:37 of 2nd period - Shot Blocked by Ryan McDonagh.
3:45 of 2nd period - Wrist shot by Radek Faksa.
3:45 of 2nd period - Shot Blocked by Patrice Bergeron.
3:47 of 2nd period - Snap shot by Jesper Fast.
3:47 of 2nd period - Shot Misses the Net.
3:49 of 2nd period - Slapshot by Jake Gardiner.
3:49 of 2nd period - Shot Blocked by Ryan McDonagh.
3:51 of 2nd period - Wrist shot by Chris Mueller.
3:51 of 2nd period - Deflect By Radek Faksa.
3:51 of 2nd period - Stopped by Cam Talbot without a rebound.
3:52 of 2nd period - Sean Monahan wins face-off versus Vladimir Tarasenko in Bruins zone.
3:52 of 2nd period - Sean Monahan is hit by Vladimir Tarasenko.
4:59 of 2nd period - Marc Staal is hit by Kerby Rychel and loses puck.
5:26 of 2nd period - Zemgus Girgensons is hit by Matt Dumba and loses puck.
6:26 of 2nd period - Kerby Rychel is hit by Jason Demers and loses puck.
7:54 of 2nd period - James Neal is hit by Joel Edmundson and loses puck.
8:12 of 2nd period - Slapshot by Jake Gardiner.
8:12 of 2nd period - Shot Blocked by Xavier Ouellet.
8:14 of 2nd period - Slapshot by Logan Shaw.
8:14 of 2nd period - Shot Misses the Net.
8:53 of 2nd period - Backhand shot by Tyler Bozak.
8:53 of 2nd period - Stopped by Cam Talbot with a rebound.
9:03 of 2nd period - Tyler Bozak is hit by Joel Edmundson and loses puck.
9:38 of 2nd period - Wrist shot by Radek Faksa.
9:38 of 2nd period - Stopped by Cam Talbot without a rebound.
9:39 of 2nd period - Radek Faksa wins face-off versus Sean Monahan in Bruins zone.
9:58 of 2nd period - Snap shot by Kyle Okposo.
9:58 of 2nd period - Stopped by Keith Kinkaid without a rebound.
9:59 of 2nd period - Nicklas Backstrom wins face-off versus Nikolay Kulemin in Islanders zone.
10:06 of 2nd period - Jakob Chychrun is hit by Kerby Rychel and loses puck.
10:13 of 2nd period - Snap shot by Nicklas Backstrom.
10:13 of 2nd period - Shot Misses the Net.
10:15 of 2nd period - Snap shot by Nicklas Backstrom.
10:15 of 2nd period - Goal by Nicklas Backstrom - Bruins : 0 - Islanders : 1.
10:16 of 2nd period - Nicklas Backstrom wins face-off versus Sean Monahan in neutral zone.
10:19 of 2nd period - Snap shot by Vladimir Tarasenko.
10:19 of 2nd period - Shot Misses the Net.
10:29 of 2nd period - Slapshot by Sean Monahan.
10:29 of 2nd period - Stopped by Keith Kinkaid without a rebound.
10:30 of 2nd period - Matt Stajan wins face-off versus Nicklas Backstrom in Islanders zone.
10:39 of 2nd period - Slapshot by Vladimir Tarasenko.
10:39 of 2nd period - Shot Misses the Net.
10:41 of 2nd period - Slapshot by Karl Alzner.
10:41 of 2nd period - Stopped by Cam Talbot with a rebound.
11:08 of 2nd period - Wrist shot by Matt Stajan.
11:08 of 2nd period - Stopped by Keith Kinkaid with a rebound.
11:26 of 2nd period - Backhand shot by Ryan McDonagh.
11:26 of 2nd period - Stopped by Keith Kinkaid with a rebound.
11:28 of 2nd period - Slapshot by Jason Demers.
11:28 of 2nd period - Stopped by Keith Kinkaid with a rebound.
11:30 of 2nd period - Wrist shot by Nikolay Kulemin.
11:30 of 2nd period - Deflect By Anthony Mantha.
11:30 of 2nd period - Shot Misses the Net.
11:30 of 2nd period - Puck is out of play.
11:31 of 2nd period - Nicklas Backstrom wins face-off versus Sean Monahan in Islanders zone.
11:48 of 2nd period - Slapshot by Vladimir Tarasenko.
11:48 of 2nd period - Deflect By Nicklas Backstrom.
11:48 of 2nd period - Shot Misses the Net.
11:48 of 2nd period - Puck is out of play.
11:49 of 2nd period - Tyler Bozak wins face-off versus Derick Brassard in Bruins zone.
11:59 of 2nd period - Off-side.
12:00 of 2nd period - Sean Monahan wins face-off versus Nicklas Backstrom in neutral zone.
12:03 of 2nd period - Snap shot by Kyle Okposo.
12:03 of 2nd period - Shot Misses the Net.
12:40 of 2nd period - Wrist shot by Evan Rodrigues.
12:40 of 2nd period - Stopped by Cam Talbot with a rebound.
13:16 of 2nd period - Vladimir Tarasenko is hit by Matt Stajan and loses puck.
13:25 of 2nd period - Slapshot by Vladimir Tarasenko.
13:25 of 2nd period - Deflect By Nicklas Backstrom.
13:25 of 2nd period - Stopped by Cam Talbot with a rebound.
13:35 of 2nd period - Wrist shot by Alex Killorn.
13:35 of 2nd period - Stopped by Keith Kinkaid with a rebound.
14:18 of 2nd period - Snap shot by Alexander Burmistrov.
14:18 of 2nd period - Shot Misses the Net.
14:20 of 2nd period - Snap shot by Tom Kuhnhackl.
14:20 of 2nd period - Stopped by Keith Kinkaid without a rebound.
14:21 of 2nd period - Kyle Okposo wins face-off versus Nicklas Backstrom in Islanders zone.
14:38 of 2nd period - Alex Killorn is hit by Kerby Rychel and loses puck.
15:12 of 2nd period - Xavier Ouellet is hit by Radek Faksa and loses puck.
15:19 of 2nd period - Xavier Ouellet is hit by Jake Gardiner and loses puck.
16:06 of 2nd period - Wrist shot by Sean Monahan.
16:06 of 2nd period - Stopped by Keith Kinkaid with a rebound.
16:28 of 2nd period - Snap shot by Tyler Bozak.
16:28 of 2nd period - Stopped by Cam Talbot with a rebound.
16:59 of 2nd period - Jason Demers is hit by Ryan Murray and loses puck.
17:04 of 2nd period - Wrist shot by Zemgus Girgensons.
17:04 of 2nd period - Shot Blocked by Karl Alzner.
17:28 of 2nd period - Wrist shot by Sean Monahan.
17:28 of 2nd period - Stopped by Keith Kinkaid with a rebound.
17:34 of 2nd period - Sean Monahan is hit by Kerby Rychel.
17:44 of 2nd period - Wrist shot by Brandon Saad.
17:44 of 2nd period - Shot Blocked by Derick Brassard.
17:46 of 2nd period - Slapshot by Jake Gardiner.
17:46 of 2nd period - Stopped by Cam Talbot with a rebound.
17:48 of 2nd period - Slapshot by Jake Gardiner.
17:48 of 2nd period - Shot Blocked by Marc Staal.
18:04 of 2nd period - Jake Gardiner is hit by Anthony Mantha and loses puck.
18:26 of 2nd period - Jordie Benn is hit by Jakob Chychrun.
18:30 of 2nd period - Evan Rodrigues is hit by Jason Demers and loses puck.
18:37 of 2nd period - Ryan McDonagh is hit by Timo Meier and loses puck.
18:48 of 2nd period - Ryan McDonagh is hit by Jake Gardiner and loses puck.
18:55 of 2nd period - Slapshot by Vladimir Tarasenko.
18:55 of 2nd period - Stopped by Cam Talbot without a rebound.
18:56 of 2nd period - Kerby Rychel wins face-off versus Sean Monahan in Bruins zone.
19:07 of 2nd period - Snap shot by Sean Monahan.
19:07 of 2nd period - Stopped by Keith Kinkaid with a rebound.
19:14 of 2nd period - Minor Penalty to Karl Alzner for Roughing.
19:15 of 2nd period - Sean Monahan wins face-off versus Nicklas Backstrom in Islanders zone.
19:19 of 2nd period - Snap shot by Anthony Mantha.
19:19 of 2nd period - Shot Blocked by Will Butcher.
19:52 of 2nd period - Snap shot by Kyle Okposo.
19:52 of 2nd period - Stopped by Keith Kinkaid with a rebound.
Goals for this period are 0 for Bruins vs 1 for Islanders.
Shots for this period are 14 for Bruins vs 13 for Islanders.

3rd period


0:01 of 3rd period - Nicklas Backstrom wins face-off versus Patrice Bergeron in neutral zone.
0:11 of 3rd period - Slapshot by Ryan McDonagh.
0:11 of 3rd period - Shot Misses the Net.
0:13 of 3rd period - Slapshot by Xavier Ouellet.
0:13 of 3rd period - Stopped by Keith Kinkaid without a rebound.
0:14 of 3rd period - Sean Monahan wins face-off versus Nicklas Backstrom in Islanders zone.
1:14 of 3rd period - Penalty to Karl Alzner is over, Karl Alzner is back on ice.
2:17 of 3rd period - Snap shot by Patrice Bergeron.
2:17 of 3rd period - Stopped by Keith Kinkaid with a rebound.
2:19 of 3rd period - Snap shot by Jason Pominville.
2:19 of 3rd period - Goal by Jason Pominville - Bruins : 1 - Islanders : 1.
2:20 of 3rd period - Nicklas Backstrom wins face-off versus Sean Monahan in neutral zone.
2:31 of 3rd period - Snap shot by Sean Monahan.
2:31 of 3rd period - Shot Misses the Net.
2:54 of 3rd period - Wrist shot by Kyle Okposo.
2:54 of 3rd period - Shot Blocked by Tyler Bozak.
3:02 of 3rd period - Alex Killorn is hit by Tyler Bozak and loses puck.
3:33 of 3rd period - Marc Staal is hit by Kerby Rychel and loses puck.
3:54 of 3rd period - Evan Rodrigues is hit by Marc Staal and loses puck.
4:17 of 3rd period - Slapshot by Jason Demers.
4:17 of 3rd period - Stopped by Keith Kinkaid with a rebound.
4:19 of 3rd period - Slapshot by Patrice Bergeron.
4:19 of 3rd period - Stopped by Keith Kinkaid without a rebound.
4:20 of 3rd period - Matt Stajan wins face-off versus Nicklas Backstrom in Islanders zone.
5:04 of 3rd period - Snap shot by Sean Monahan.
5:04 of 3rd period - Stopped by Keith Kinkaid with a rebound.
5:20 of 3rd period - Minor Penalty to Radek Faksa for Tripping.
5:21 of 3rd period - Nicklas Backstrom wins face-off versus Patrice Bergeron in Islanders zone.
5:26 of 3rd period - Snap shot by Nicklas Backstrom.
5:26 of 3rd period - Shot Misses the Net.
5:34 of 3rd period - Will Butcher is hit by Xavier Ouellet and loses puck.
5:53 of 3rd period - Slapshot by Ryan McDonagh.
5:53 of 3rd period - Shot Blocked by Karl Alzner.
5:55 of 3rd period - Slapshot by Ryan McDonagh.
5:55 of 3rd period - Deflect By Anthony Mantha.
5:55 of 3rd period - Shot Misses the Net.
5:55 of 3rd period - Puck is out of play.
5:56 of 3rd period - Patrice Bergeron wins face-off versus Kerby Rychel in Islanders zone.
5:57 of 3rd period - Wrist shot by Derick Brassard.
5:57 of 3rd period - Shot Blocked by Jordie Benn.
5:59 of 3rd period - Wrist shot by Jason Pominville.
5:59 of 3rd period - Shot Misses the Net.
6:01 of 3rd period - Wrist shot by Jakob Chychrun.
6:01 of 3rd period - Shot Misses the Net.
6:03 of 3rd period - Wrist shot by Patrice Bergeron.
6:03 of 3rd period - Stopped by Keith Kinkaid with a rebound.
6:05 of 3rd period - Snap shot by Jakob Chychrun.
6:05 of 3rd period - Deflect By Patrice Bergeron.
6:05 of 3rd period - Stopped by Keith Kinkaid without a rebound.
6:06 of 3rd period - Nicklas Backstrom wins face-off versus Patrice Bergeron in Islanders zone.
6:12 of 3rd period - Icing by Jakob Chychrun.
6:13 of 3rd period - Nicklas Backstrom wins face-off versus Patrice Bergeron in Bruins zone.
7:17 of 3rd period - Slapshot by Jakob Chychrun.
7:17 of 3rd period - Shot Misses the Net.
7:20 of 3rd period - Penalty to Radek Faksa is over, Radek Faksa is back on ice.
7:33 of 3rd period - Icing by Jason Demers.
7:34 of 3rd period - Patrice Bergeron wins face-off versus Tyler Bozak in Bruins zone.
7:43 of 3rd period - Slapshot by Jake Gardiner.
7:43 of 3rd period - Stopped by Cam Talbot without a rebound.
7:44 of 3rd period - Sean Monahan wins face-off versus James Neal in Bruins zone.
8:10 of 3rd period - Off-side.
8:11 of 3rd period - Nicklas Backstrom wins face-off versus Matt Stajan in neutral zone.
8:36 of 3rd period - Snap shot by Zemgus Girgensons.
8:36 of 3rd period - Deflect By Tom Kuhnhackl.
8:36 of 3rd period - Stopped by Keith Kinkaid with a rebound.
8:38 of 3rd period - Slapshot by Zemgus Girgensons.
8:38 of 3rd period - Stopped by Keith Kinkaid with a rebound.
8:40 of 3rd period - Slapshot by Xavier Ouellet.
8:40 of 3rd period - Deflect By Zemgus Girgensons.
8:40 of 3rd period - Goal by Zemgus Girgensons - Bruins : 2 - Islanders : 1.
8:41 of 3rd period - Patrice Bergeron wins face-off versus Nicklas Backstrom in neutral zone.
9:21 of 3rd period - Slapshot by Jake Gardiner.
9:21 of 3rd period - Stopped by Cam Talbot without a rebound.
9:22 of 3rd period - Radek Faksa wins face-off versus Anthony Mantha in Bruins zone.
9:47 of 3rd period - Nicklas Backstrom is hit by Jakob Chychrun and loses puck.
10:39 of 3rd period - Wrist shot by Sean Monahan.
10:39 of 3rd period - Shot Misses the Net.
10:41 of 3rd period - Wrist shot by Jakob Chychrun.
10:41 of 3rd period - Stopped by Keith Kinkaid with a rebound.
10:43 of 3rd period - Slapshot by Alex Killorn.
10:43 of 3rd period - Shot Misses the Net.
10:45 of 3rd period - Snap shot by Sean Monahan.
10:45 of 3rd period - Shot Blocked by Ryan Murray.
10:57 of 3rd period - Ryan McDonagh is hit by Karl Alzner and loses puck.
11:14 of 3rd period - Radek Faksa is hit by Ryan McDonagh and loses puck.
12:09 of 3rd period - Snap shot by Nicklas Backstrom.
12:09 of 3rd period - Stopped by Cam Talbot with a rebound.
12:46 of 3rd period - Slapshot by Will Butcher.
12:46 of 3rd period - Shot Misses the Net.
12:48 of 3rd period - Slapshot by Jake Gardiner.
12:48 of 3rd period - Stopped by Cam Talbot with a rebound.
13:34 of 3rd period - Snap shot by Brandon Saad.
13:34 of 3rd period - Stopped by Cam Talbot without a rebound.
13:35 of 3rd period - Nicklas Backstrom wins face-off versus Sean Monahan in Bruins zone.
14:19 of 3rd period - Icing by Jakob Chychrun.
14:20 of 3rd period - Logan Shaw wins face-off versus Patrice Bergeron in Bruins zone.
15:02 of 3rd period - Snap shot by Kyle Okposo.
15:02 of 3rd period - Stopped by Keith Kinkaid without a rebound.
15:03 of 3rd period - Radek Faksa wins face-off versus Matt Stajan in Islanders zone.
15:29 of 3rd period - Ryan McDonagh is hit by Vladimir Tarasenko and loses puck.
15:40 of 3rd period - Snap shot by Nicklas Backstrom.
15:40 of 3rd period - Stopped by Cam Talbot without a rebound.
15:41 of 3rd period - Matt Stajan wins face-off versus Nicklas Backstrom in Bruins zone.
17:49 of 3rd period - Slapshot by Will Butcher.
17:49 of 3rd period - Deflect By Radek Faksa.
17:49 of 3rd period - Stopped by Cam Talbot without a rebound.
17:50 of 3rd period - Nicklas Backstrom wins face-off versus Sean Monahan in Bruins zone.
18:25 of 3rd period - Nikolay Kulemin is hit by James Neal and loses puck.
19:02 of 3rd period - Islanders, Keith Kinkaid is pulled from the net.
19:14 of 3rd period - Matt Dumba is hit by Patrice Bergeron and loses puck.
19:25 of 3rd period - Nikolay Kulemin is hit by Jordie Benn and loses puck.
Goals for this period are 2 for Bruins vs 0 for Islanders.
Shots for this period are 13 for Bruins vs 7 for Islanders.